 Dungeon Crawl Stone Soup version 0.25.1-2-g60ff931df9 (webtiles) character file.

Game seed: 3228502166391119096

725 Allula97 the Sneak (level 7, -1/52 HPs)
             Began as a Demonspawn Assassin on Nov 17, 2020.
             Was an Initiate of Dithmenos.
             Slain by an orc
             ... wielding a +0 hand axe
              (8 damage)
             ... on level 4 of the Dungeon.
             The game lasted 00:24:52 (4599 turns).

Allula97 the Sneak (Demonspawn Assassin)            Turns: 4599, Time: 00:24:52

Health: -1/52      AC: -4    Str: 11    XL:     7   Next: 43%
Magic:  0/7        EV: 11    Int: 12    God:    Dithmenos [......]
Gold:   255        SH:  0    Dex: 19    Spells: 6/6 levels left

rFire    . . .     SeeInvis .   e - +2 dagger (venom)
rCold    . . .     Gourm    .   (no shield)
rNeg     . . .     Faith    .   C - +0 ring mail
rPois    +         Spirit   +   (no helmet)
rElec    .         Reflect  .   c - +0 cloak
rCorr    .         Harm     .   (no gloves)
MR       .....                  z - +0 pair of boots
Stlth    ++++......             k - amulet of guardian spirit
HPRegen  0.17/turn              s - ring of poison resistance
MPRegen  0.10/turn              (no ring)

@: corroded, hasted, very quick
A: talons 1, thin skeletal structure 1, nightstalker 1
a: Renounce Religion


You were on level 4 of the Dungeon.
You worshipped Dithmenos.
Dithmenos was noncommittal.
You were hungry.

You visited 2 branches of the dungeon, and saw 7 of its levels.

You collected 255 gold pieces.

Inventory:

Hand Weapons
 a - a +2 dagger
 e - a +2 dagger of venom (weapon)
 h - a +0 dagger of venom
Missiles
 d - 26 poisoned darts (quivered)
 m - 3 boomerangs
Armour
 b - a +0 robe
 c - a +0 cloak (worn)
 j - a +0 leather armour
 z - a +0 pair of boots (worn)
 C - a +0 ring mail (worn)
Jewellery
 k - an amulet of guardian spirit (around neck)
 s - a ring of poison resistance (left hand)
Wands
 t - a wand of digging (3)
Scrolls
 i - a scroll of fear {unknown}
 l - a scroll of identify {unknown}
 n - 2 scrolls of amnesia
 p - 3 scrolls of remove curse
 q - 4 scrolls of teleportation
 r - 2 scrolls of enchant armour {unknown}
 y - a scroll of enchant weapon {unknown}
 A - a scroll of immolation {unknown}
 B - 2 scrolls of magic mapping {unknown}
Potions
 g - 2 potions of magic {unknown}
 u - a potion of flight {unknown}
 x - a potion of might {unknown}
Comestibles
 f - 10 rations


   Skills:
 * Level 3.3 Fighting
 * Level 3.7 Short Blades
 + Level 2.3 Throwing
 * Level 2.6 Armour
 * Level 2.6 Dodging
 * Level 6.1 Stealth
 - Level 0.1 Spellcasting


You had 6 spell levels left.
You didn't know any spells.
Your spell library contained the following spells:

 Spells                   Type           Power        Failure   Level  Hunger
 Magic Dart               Conj           #...         58%         1    ##.....
 Searing Ray              Conj           #.....       75%         2    ###....
 Dazzling Flash           Conj/Hex       #.....       92%         3    ####...
 Fulminant Prism          Conj/Hex       #.........   100%        4    #####..
 Iskenderun's Mystic Bla  Conj/Tloc      #.......     100%        4    #####..


Dungeon Overview and Level Annotations

Branches:
Dungeon (6/15)             Temple (1/1) D:4

Altars:
Ashenzari
Cheibriados
Dithmenos
Elyvilon
Fedhas
Gozag
Hepliaklqana
Kikubaaqudgha
Makhleb
Nemelex Xobeh
Okawaru
Qazlal
Sif Muna
Uskayaw
Vehumet
Wu Jian
Xom
Yredelemnul
Zin
The Shining One


Innate Abilities, Weirdness & Mutations

You have sharp toenails.
You have a somewhat thin skeletal structure. (Dex +2, Stealth)
You are slightly more attuned to the shadows.


Message History

You see here a poisoned dart.
The orc hits you with a +0 dagger.
You barely miss the orc. The orc barely misses you.
You hit the orc priest but do no damage.
The orc priest looks even sicker.
The orc priest is lightly wounded.
The orc priest closely misses you. The orc hits you with a +0 dagger.
You hit the orc priest but do no damage.
The orc priest is lightly wounded.
The orc priest hits you with a +0 club. The orc hits you with a +0 hand axe.
The orc hits you but does no damage. The orc hits you with a +0 hand axe.
There is an escape hatch in the ceiling here.
The orc priest closely misses you. The orc hits you with a +0 hand axe!
* * * LOW HITPOINT WARNING * * *
A mysterious force pulls you upwards. The hatch slams shut behind you.
You feel yourself speed up. The orc priest hits you with a +0 club.
* * * LOW HITPOINT WARNING * * *
The orc hits you with a +0 hand axe!
You die...

.....#...##...##....#
.....#..).....##....#
.....#.........#....#
.....#.........#....#
.....#...##...##....#
.....#...##<..##....#
.....#........##....#
.....#...##...##....#
.....#...##...#o@...#
.....#........#.o...#
.....#........#.....#
.....#........#.....#
.....################
######


You could see an orc priest (very poisoned) and an orc.

Vanquished Creatures
  Eustachio (D:4)
  A phantom (D:5)
  A bullfrog (D:6)
  A jelly (D:5)
  2 orc wizards
  Ijyb (D:3)
  Terence (D:3)
  An iguana (D:5)
  3 worker ants (D:4)
  A gnoll (D:6)
  4 adders
  2 oozes
  An adder skeleton (D:4)
  4 worms
  5 dart slugs
  2 leopard geckos
  10 orcs
  5 bats
  7 giant cockroaches
  7 goblins
  6 hobgoblins
  8 jackals
  6 kobolds
  3 ball pythons
  A ball python skeleton (D:4)
  6 frilled lizards
  A quokka skeleton (D:6)
  9 rats
100 creatures vanquished.

Vanquished Creatures (others)
  An orc wizard (D:3)
1 creature vanquished.

Grand Total: 101 creatures vanquished

Notes
Turn   | Place    | Note
-------+----------+-------------------------------------------
     0 | D:1      | Allula97 the Demonspawn Assassin began the quest for the
                  | Orb.
     0 | D:1      | Reached XP level 1. HP: 16/16 MP: 1/1
    66 | D:1      | Reached skill level 1 in Dodging
    86 | D:1      | Gained mutation: You are slightly more attuned to the
                  | shadows. [demonic ancestry]
    86 | D:1      | Reached XP level 2. HP: 19/22 MP: 2/2
   108 | D:1      | Reached skill level 4 in Stealth
   649 | D:2      | Reached XP level 3. HP: 27/27 MP: 3/3
   736 | D:2      | Found an ancient bone altar of Kikubaaqudgha.
  1783 | D:3      | Gained mutation: You have sharp toenails. [demonic
                  | ancestry]
  1783 | D:3      | Reached XP level 4. HP: 27/33 MP: 4/4
  1899 | D:3      | Noticed Ijyb
  1917 | D:3      | Killed Ijyb
  1926 | D:3      | Noticed Terence
  1932 | D:3      | Killed Terence
  1932 | D:3      | Reached skill level 1 in Armour
  1951 | D:3      | Found a glowing golden altar of the Shining One.
  1988 | D:3      | Found a radiant altar of Vehumet.
  2131 | D:3      | Found an iron altar of Okawaru.
  2160 | D:3      | Gained mutation: You have a somewhat thin skeletal
                  | structure. (Dex +2, Stealth) [demonic ancestry]
  2160 | D:3      | Reached XP level 5. HP: 27/39 MP: 3/5
  2549 | D:3      | Found a faded altar of an unknown god.
  2708 | D:3      | Found a blossoming altar of Fedhas.
  2829 | D:4      | Found a staircase to the Ecumenical Temple.
  2847 | Temple   | Entered the Ecumenical Temple
  2905 | Temple   | Became a worshipper of Dithmenos the Shadowed
  3442 | D:4      | Reached skill level 5 in Stealth
  3450 | D:4      | Reached XP level 6. HP: 39/46 MP: 6/6
  3497 | D:4      | You fall into a shaft and drop 2 floors!
  3547 | D:5      | Entered Level 5 of the Dungeon
  3907 | D:4      | Found a hazy altar of Hepliaklqana.
  3964 | D:4      | Noticed Eustachio
  3982 | D:4      | Killed Eustachio
  3982 | D:4      | Reached XP level 7. HP: 33/52 MP: 4/7
  4370 | D:5      | Reached skill level 6 in Stealth
  4599 | D:4      | Slain by an orc

Illustrated notes

Levels and vault maps discovered:
D:1:      giann_bridges, layout_loops_ring, chequers_serial_rivers_small_a
D:2:      layout_basic, kiku_gazebo_pond_becter
D:3:      wander_river, layout_rooms, okawaru_metal_pillars_3,
          grunt_temple_overflow_open, first_ration,
          chequers_ecumenical_altar_lobes, fedhas_altar_2, uniq_ijyb,
          uniq_terence
D:4:      layout_gridville, lemuel_crystal_altar,
          minmay_temple_entry_gardened_gates, minmay_stone_trees_medium,
          uniq_eustachio
D:5:      layout_layer_cave
D:6:      layout_rooms, kennysheep_generic_room_16
Temple:   dpeg_chambers_temple

Skill      XL: |  1  2  3  4  5  6  7 |
---------------+----------------------+-----
Dodging        | 1 2 |  2.6
Stealth        | 4 5 6 |  6.1
Short Blades   | 2 3 |  3.7
Throwing       | 2 |  2.3
Armour         | 1 2 |  2.6
Fighting       | 3 |  3.3
Spellcasting   | |  0.1

Action                   |  1- 3 |  4- 6 |  7- 9 || total
-------------------------+-------+-------+-------++-------
Melee: Dagger            |   101 |   144 |    83 ||   328
       Kick              |       |    38 |       ||    38
Throw: Dart              |    27 |    10 |     5 ||    42
       Boomerang         |       |     3 |       ||     3
  Use: Potion            |       |     2 |     3 ||     5
       Scroll            |       |       |     3 ||     3
 Stab: Sleeping          |    18 |    18 |     2 ||    38
       Invisible         |       |     2 |       ||     2
  Eat: Chunk             |     3 |     7 |     1 ||    11
Armor: Robe              |     4 |       |       ||     4
       Leather armour    |    21 |    33 |       ||    54
       Ring mail         |       |     3 |    12 ||    15
Dodge: Dodged            |    46 |    79 |    26 ||   151
